| TOP OF THE 1ST |
|
Las Vegas 51s batting - Pitching for Sacramento River Cats : RHP Cortez Laris
|
|
Pitching: RHP Cortez Laris
|
|
|
Batting: RHB Jordan Martin
|
0-0: Swinging Strike 0-1: Ball 1-1: Ground out 6-3 (Groundball, 6, EV 84.4 MPH)
|
|
Batting: SHB Billy Encinias
|
0-0: Foul Ball, location: 2F 0-1: DOUBLE (Flyball, 8RXD, EV 107.5 MPH)
|
|
Batting: SHB Roberto Magne
|
0-0: Called Strike Billy Encinias steals 3rd base 0-1: Foul Ball, location: 2F 0-2: Ball 1-2: SINGLE (Groundball, 34D, EV 103.8 MPH) Billy Encinias scores
|
|
Batting: LHB Helge Jivotovsky
|
0-0: Fly out, F9 (Flyball, 9S, EV 76.9 MPH)
|
|
Batting: SHB Josh Schultze
|
0-0: Ball 1-0: Ball Roberto Magne steals 2nd base 2-0: Swinging Strike 2-1: Ball 3-1: Swinging Strike 3-2: Foul Ball, location: 2F 3-2: Foul Ball, location: 2F 3-2: Strikes out swinging
|
| Top of the 1st over - 1 run, 2 hits, 0 errors, 1 left on base; Las Vegas 1 - Sacramento 0 |
| BOTTOM OF THE 1ST |
|
Sacramento River Cats batting - Pitching for Las Vegas 51s : LHP Kevin Miozza
|
|
Pitching: LHP Kevin Miozza
|
|
|
Batting: SHB Danny Garcia
|
0-0: Ball 1-0: Called Strike 1-1: Foul Ball, location: 2F 1-2: Foul Ball, location: 2F 1-2: Ball 2-2: SINGLE (Line Drive, 8LM, EV 88.8 MPH)
|
|
Batting: RHB Hugo Zacarias
|
0-0: Ball 1-0: Ball 2-0: Called Strike Danny Garcia steals 2nd base 2-1: Ball 3-1: Fly out, F8 (Line Drive, 8LD, EV 94.4 MPH)
|
|
Batting: RHB Jason Gress
|
0-0: Ground out 6-3 (Groundball, 6, EV 80.0 MPH) Danny Garcia to third
|
|
Batting: LHB Nate Conley
|
0-0: Called Strike 0-1: Ground out 5-3 (Groundball, 56, EV 105.6 MPH)
|
| Bottom of the 1st over - 0 runs, 1 hit, 0 errors, 1 left on base; Las Vegas 1 - Sacramento 0 |
| TOP OF THE 2ND |
|
Las Vegas 51s batting - Pitching for Sacramento River Cats : RHP Cortez Laris
|
|
Batting: LHB Sal Fernandez
|
0-0: Ball 1-0: Called Strike 1-1: Called Strike 1-2: Ball 2-2: Ball 3-2: Strikes out looking
|
|
Batting: RHB Masaya Nakamura
|
0-0: Foul Ball, location: 2F 0-1: Ground out 1-3 (Groundball, 13, EV 65.6 MPH)
|
|
Batting: RHB Leon Edwards
|
0-0: Ground out 6-3 (Groundball, 6, EV 86.9 MPH)
|
| Top of the 2nd over - 0 runs, 0 hits, 0 errors, 0 left on base; Las Vegas 1 - Sacramento 0 |
| BOTTOM OF THE 2ND |
|
Sacramento River Cats batting - Pitching for Las Vegas 51s : LHP Kevin Miozza
|
|
Batting: RHB Roberto Duron
|
0-0: Ball 1-0: Fly out, F8 (Flyball, 8RD, EV 98.1 MPH)
|
|
Batting: SHB Jason Spradling
|
0-0: Called Strike 0-1: Foul Ball, location: 2F 0-2: Foul Ball, location: 2F 0-2: Ball 1-2: Ball 2-2: Foul Ball, location: 2F 2-2: Ball 3-2: Ground out 6-3 (Groundball, 56, EV 102.5 MPH)
|
|
Batting: LHB Nick Swank
|
0-0: Called Strike 0-1: Ball 1-1: Foul Ball, location: 2F 1-2: Ground out 4-3 (Groundball, 34, EV 81.9 MPH)
|
| Bottom of the 2nd over - 0 runs, 0 hits, 0 errors, 0 left on base; Las Vegas 1 - Sacramento 0 |
| TOP OF THE 3RD |
|
Las Vegas 51s batting - Pitching for Sacramento River Cats : RHP Cortez Laris
|
|
Batting: RHB Yoshiro Higuchi
|
0-0: Ball 1-0: Ball 2-0: SINGLE (Groundball, 34D, EV 96.2 MPH)
|
|
Batting: RHB Jordan Martin
|
0-0: Ball 1-0: Foul Ball, location: 2F 1-1: Called Strike 1-2: SINGLE (Line Drive, 78M, EV 101.2 MPH) Yoshiro Higuchi to second
|
|
Batting: SHB Billy Encinias
|
0-0: Called Strike 0-1: Called Strike 0-2: Ball 1-2: Foul Ball, location: 2F 1-2: Ball 2-2: Grounds out, U3 (Groundball, 3L, EV 83.8 MPH) Yoshiro Higuchi to third
|
|
Batting: SHB Roberto Magne
|
0-0: Fly out, F7 (Flyball, 7LM, EV 103.1 MPH) Runner from 3rd tags up, SCORES, throw by LF
|
|
Batting: LHB Helge Jivotovsky
|
0-0: Ball 1-0: SINGLE (Groundball, 34D, EV 95.0 MPH) Jordan Martin to third Runner from 3rd tries for Home, SAFE, throw by RF to home
|
|
Batting: SHB Josh Schultze
|
0-0: Called Strike 0-1: Ball 1-1: Ball 2-1: Ball 3-1: Foul Ball, location: 2F 3-2: Foul Ball, location: 2F 3-2: Base on Balls Helge Jivotovsky to second
|
|
Batting: LHB Sal Fernandez
|
0-0: Ball 1-0: Called Strike 1-1: SINGLE (Line Drive, 7S, EV 93.1 MPH) Helge Jivotovsky to third Josh Schultze to second Runner from 3rd tries for Home, SAFE, throw by LF to home
|
|
Batting: RHB Masaya Nakamura
|
0-0: Ball 1-0: Foul Ball, location: 2F 1-1: Foul Ball, location: 2F 1-2: Ball 2-2: Fielders Choice at 2nd, 5-4 (Groundball, 56, EV 82.5 MPH)
|
| Top of the 3rd over - 3 runs, 4 hits, 0 errors, 2 left on base; Las Vegas 4 - Sacramento 0 |
| BOTTOM OF THE 3RD |
|
Sacramento River Cats batting - Pitching for Las Vegas 51s : LHP Kevin Miozza
|
|
Now at 2B: Phil Lomax
|
|
|
Batting: RHB Martin Guerrero
|
0-0: Called Strike 0-1: Ball 1-1: Called Strike 1-2: Fly out, F7 (Flyball, 7D, EV 100.0 MPH)
|
|
Batting: LHB Josh Straub
|
0-0: Ball 1-0: Ball 2-0: Fly out, F7 (Flyball, 78M, EV 91.9 MPH)
|
|
Batting: SHB Danny Garcia
|
0-0: Ball 1-0: SINGLE (Line Drive, 8LS, EV 111.9 MPH)
|
|
Batting: RHB Hugo Zacarias
|
0-0: Ball 1-0: Ball 2-0: Called Strike 2-1: TRIPLE (Flyball, 89XD, EV 105.0 MPH) Danny Garcia scores
|
|
Batting: RHB Jason Gress
|
0-0: Ball 1-0: Called Strike 1-1: Ball 2-1: Foul Ball, location: 2F 2-2: Foul Ball, location: 2F 2-2: Ball 3-2: SINGLE (Line Drive, 5D, EV 96.9 MPH) Hugo Zacarias scores
|
|
Batting: LHB Nate Conley
|
0-0: Called Strike 0-1: Ball 1-1: SINGLE (Groundball, 34, EV 104.4 MPH) Jason Gress to second Runner from 2nd tries for 3rd, SAFE, throw by RF made to third
|
|
Batting: RHB Roberto Duron
|
0-0: Foul Ball, location: 2F 0-1: Called Strike 0-2: Ball 1-2: Ball 2-2: Foul Ball, location: 2F 2-2: Strikes out swinging
|
| Bottom of the 3rd over - 2 runs, 4 hits, 0 errors, 2 left on base; Las Vegas 4 - Sacramento 2 |
| TOP OF THE 4TH |
|
Las Vegas 51s batting - Pitching for Sacramento River Cats : RHP Cortez Laris
|
|
Batting: RHB Leon Edwards
|
0-0: Ball 1-0: Ground out 6-3 (Groundball, 6S, EV 70.6 MPH)
|
|
Batting: RHB Yoshiro Higuchi
|
0-0: Called Strike 0-1: Foul Ball, location: 2F 0-2: Strikes out swinging
|
|
Batting: LHB Phil Lomax
|
0-0: Ball 1-0: DOUBLE (Line Drive, 7D, EV 91.2 MPH)
|
|
Batting: SHB Billy Encinias
|
0-0: Foul Ball, location: 2F 0-1: Ball 1-1: Ball 2-1: Ball 3-1: Foul Ball, location: 2F 3-2: Foul Ball, location: 2F 3-2: SINGLE (Line Drive, 8LM, EV 106.9 MPH) Phil Lomax to third Runner from 3rd tries for Home, SAFE, throw by CF to home
|
|
Batting: SHB Roberto Magne
|
0-0: Ball 1-0: Ball 2-0: Ball 3-0: Called Strike 3-1: Called Strike 3-2: Base on Balls Billy Encinias to second
|
|
Batting: LHB Helge Jivotovsky
|
0-0: Ball 1-0: Ball 2-0: Called Strike 2-1: Foul Ball, location: 2F 2-2: Ball 3-2: Foul Ball, location: 2F 3-2: Strikes out looking
|
| Top of the 4th over - 1 run, 2 hits, 0 errors, 2 left on base; Las Vegas 5 - Sacramento 2 |
| BOTTOM OF THE 4TH |
|
Sacramento River Cats batting - Pitching for Las Vegas 51s : LHP Kevin Miozza
|
|
Batting: SHB Jason Spradling
|
0-0: Ball 1-0: Fly out, F4 (Popup, 13, EV 79.4 MPH)
|
|
Batting: LHB Nick Swank
|
0-0: Called Strike 0-1: Called Strike 0-2: Foul Ball, location: 2F 0-2: Foul Ball, location: 2F 0-2: SINGLE (Groundball, 6MD, EV 106.2 MPH)
|
|
Batting: RHB Martin Guerrero
|
0-0: Ball 1-0: Ball 2-0: Ball 3-0: Called Strike 3-1: Base on Balls Nick Swank to second
|
|
Batting: LHB Josh Straub
|
0-0: Ball 1-0: Called Strike 1-1: Fly out, F7 (Flyball, 7D, EV 105.6 MPH) Runner from 2nd tags up, SAFE at 3rd, no throw by LF
|
|
Batting: SHB Danny Garcia
|
0-0: Called Strike 0-1: Foul Ball, location: 2F 0-2: Ball 1-2: Foul Ball, location: 2F 1-2: Ball 2-2: Fielders Choice at 2nd, 5-4 (Groundball, 56, EV 78.8 MPH)
|
| Bottom of the 4th over - 0 runs, 1 hit, 0 errors, 2 left on base; Las Vegas 5 - Sacramento 2 |
| TOP OF THE 5TH |
|
Las Vegas 51s batting - Pitching for Sacramento River Cats : RHP Cortez Laris
|
|
Batting: SHB Josh Schultze
|
0-0: Ball 1-0: SINGLE (Groundball, 4MD, EV 112.5 MPH)
|
|
Pitching: LHP Gael Greene
|
|
|
Batting: LHB Sal Fernandez
|
0-0: Ball 1-0: Ball 2-0: Foul Ball, location: 2F 2-1: Swinging Strike 2-2: Strikes out looking
|
|
Batting: RHB Masaya Nakamura
|
0-0: Called Strike 0-1: Ball 1-1: Ball 2-1: Ball 3-1: Foul Ball, location: 2F 3-2: Strikes out swinging
|
|
Batting: RHB Leon Edwards
|
0-0: Hit by Pitch Josh Schultze to second
|
|
Batting: RHB Yoshiro Higuchi
|
0-0: Called Strike 0-1: Ground out 4-3 (Groundball, 4, EV 90.6 MPH)
|
| Top of the 5th over - 0 runs, 1 hit, 0 errors, 2 left on base; Las Vegas 5 - Sacramento 2 |
| BOTTOM OF THE 5TH |
|
Sacramento River Cats batting - Pitching for Las Vegas 51s : LHP Kevin Miozza
|
|
Batting: RHB Hugo Zacarias
|
0-0: Ball 1-0: Ball 2-0: Swinging Strike 2-1: SINGLE (Groundball, 25, EV 68.8 MPH) (infield hit)
|
|
Batting: RHB Jason Gress
|
0-0: Ball 1-0: Fielders Choice at 2nd, 3-6 (Groundball, 34, EV 83.8 MPH)
|
|
Batting: LHB Nate Conley
|
0-0: Called Strike 0-1: Called Strike 0-2: Ball 1-2: Ball 2-2: Fly out, F4 (Line Drive, 4, EV 63.8 MPH)
|
|
Batting: RHB Roberto Duron
|
0-0: 2-RUN HOME RUN (Flyball, 7D, EV 101.9 MPH), Distance : 388 ft
|
|
Batting: SHB Jason Spradling
|
0-0: Ball 1-0: Called Strike 1-1: SINGLE (Line Drive, 89M, EV 98.8 MPH)
|
|
Batting: LHB Nick Swank
|
0-0: Ball 1-0: SINGLE (Line Drive, 8LS, EV 104.4 MPH) Jason Spradling to second
|
|
Batting: RHB Martin Guerrero
|
0-0: Called Strike 0-1: Foul Ball, location: 2F 0-2: Ball 1-2: Foul Ball, location: 2F 1-2: Ball 2-2: Foul Ball, location: 2F 2-2: Foul Ball, location: 2F 2-2: Ball 3-2: Foul Ball, location: 2F 3-2: Foul Ball, location: 2F 3-2: Foul Ball, location: 2F 3-2: Fly out, F8 (Flyball, 78M, EV 71.9 MPH)
|
| Bottom of the 5th over - 2 runs, 4 hits, 0 errors, 2 left on base; Las Vegas 5 - Sacramento 4 |
| TOP OF THE 6TH |
|
Las Vegas 51s batting - Pitching for Sacramento River Cats : LHP Gael Greene
|
|
Batting: LHB Phil Lomax
|
0-0: SINGLE (Line Drive, 6MD, EV 99.4 MPH)
|
|
Batting: SHB Billy Encinias
|
0-0: Ball 1-0: Swinging Strike 1-1: Called Strike 1-2: Foul Ball, location: 2F 1-2: Ball 2-2: Foul Ball, location: 2F 2-2: Ball 3-2: Base on Balls Phil Lomax to second
|
|
Batting: SHB Roberto Magne
|
0-0: Foul Ball, location: 2F 0-1: Foul Ball, location: 2F 0-2: Ball 1-2: Strikes out swinging
|
|
Batting: LHB Helge Jivotovsky
|
0-0: Ball 1-0: Foul Ball, location: 2F 1-1: Ball 2-1: Ball 3-1: Hit by Pitch Phil Lomax to third Billy Encinias to second
|
|
Batting: SHB Josh Schultze
|
0-0: SINGLE (Groundball, 34D, EV 104.4 MPH) Phil Lomax scores Billy Encinias to third Helge Jivotovsky to second Runner from 3rd tries for Home, SAFE, throw by RF to home
|
|
Batting: LHB Sal Fernandez
|
0-0: Called Strike 0-1: Fly out, F9 (Flyball, 9S, EV 92.5 MPH)
|
|
Batting: RHB Masaya Nakamura
|
0-0: Ball 1-0: Ball 2-0: Called Strike 2-1: Ball 3-1: Swinging Strike 3-2: SINGLE (Groundball, 56D, EV 110.0 MPH) Helge Jivotovsky to third Josh Schultze to second Helge Jivotovsky scores Josh Schultze to third
|
|
Pitching: RHP Josh Aronhalt
|
|
|
Batting: RHB Leon Edwards
|
0-0: Ball 1-0: Foul Ball, location: 2F 1-1: Swinging Strike 1-2: Ball 2-2: Strikes out swinging
|
| Top of the 6th over - 3 runs, 3 hits, 0 errors, 2 left on base; Las Vegas 8 - Sacramento 4 |
| BOTTOM OF THE 6TH |
|
Sacramento River Cats batting - Pitching for Las Vegas 51s : LHP Kevin Miozza
|
|
Pitching: RHP Justin Overlie
|
|
|
Batting: LHB Josh Straub
|
0-0: Called Strike 0-1: Ball 1-1: Ball 2-1: Swinging Strike 2-2: Foul Ball, location: 2F 2-2: Foul Ball, location: 2F 2-2: SINGLE (Groundball, 56, EV 110.6 MPH) (infield hit)
|
|
Batting: SHB Danny Garcia
|
0-0: Ball 1-0: SINGLE (Groundball, 34, EV 110.0 MPH) Josh Straub to second Runner from 2nd tries for 3rd, SAFE, throw by RF made to third Danny Garcia to second
|
|
Batting: RHB Hugo Zacarias
|
0-0: Ball 1-0: Fly out, F8 (Flyball, 89D, EV 98.1 MPH) Runner from 3rd tags up, SCORES, throw by CF Danny Garcia to third
|
|
Batting: RHB Jason Gress
|
0-0: Foul Ball, location: 2F 0-1: SINGLE (Line Drive, 9S, EV 101.2 MPH) Danny Garcia scores
|
|
Batting: LHB Nate Conley
|
0-0: Ball 1-0: DOUBLE (Flyball, 89D, EV 115.0 MPH) Jason Gress to third
|
|
Batting: RHB Roberto Duron
|
0-0: Foul Ball, location: 2F 0-1: Ball 1-1: Ball 2-1: Ball 3-1: Base on Balls
|
|
Batting: SHB Jason Spradling
|
0-0: Fly out, F7 (Flyball, 7D, EV 100.6 MPH) Runner from 3rd tags up, SCORES, no throw by LF
|
|
Batting: LHB Nick Swank
|
0-0: Called Strike 0-1: Ball 1-1: Ball 2-1: Foul Ball, location: 2F 2-2: Fly out, F8 (Flyball, 89D, EV 100.6 MPH)
|
| Bottom of the 6th over - 3 runs, 4 hits, 0 errors, 2 left on base; Las Vegas 8 - Sacramento 7 |
| TOP OF THE 7TH |
|
Las Vegas 51s batting - Pitching for Sacramento River Cats : RHP Josh Aronhalt
|
|
Batting: RHB Yoshiro Higuchi
|
0-0: Ground out 6-3 (Groundball, 6, EV 85.6 MPH)
|
|
Batting: LHB Phil Lomax
|
0-0: Ball 1-0: Called Strike 1-1: Ball 2-1: Foul Ball, location: 2F 2-2: Ball 3-2: Foul Ball, location: 2F 3-2: Fly out, F8 (Flyball, 8LD, EV 74.4 MPH)
|
|
Batting: SHB Billy Encinias
|
0-0: Called Strike 0-1: Foul Ball, location: 2F 0-2: Ball 1-2: Ball 2-2: Strikes out swinging
|
| Top of the 7th over - 0 runs, 0 hits, 0 errors, 0 left on base; Las Vegas 8 - Sacramento 7 |
| BOTTOM OF THE 7TH |
|
Sacramento River Cats batting - Pitching for Las Vegas 51s : RHP Justin Overlie
|
|
Pitching: RHP Javier Perez
|
|
|
Batting: RHB Martin Guerrero
|
0-0: Foul Ball, location: 2F 0-1: Swinging Strike 0-2: Foul Ball, location: 2F 0-2: Ball 1-2: SINGLE (Groundball, 6MD, EV 95.6 MPH)
|
|
Batting: LHB Josh Straub
|
0-0: Bunt missed! 0-1: Called Strike 0-2: Fly out, F9 (Flyball, 9LM, EV 88.1 MPH)
|
|
Batting: SHB Danny Garcia
|
0-0: Called Strike 0-1: Ball 1-1: Ball 2-1: Called Strike 2-2: Ball 3-2: Fly out, F7 (Flyball, 7D, EV 85.6 MPH)
|
|
Batting: RHB Hugo Zacarias
|
0-0: Called Strike 0-1: Ball 1-1: Called Strike 1-2: Ball 2-2: SINGLE (Groundball, 34S, EV 96.9 MPH) Martin Guerrero to second
|
|
Batting: RHB Jason Gress
|
0-0: Called Strike 0-1: Ball 1-1: Foul Ball, location: 2F 1-2: Strikes out swinging
|
| Bottom of the 7th over - 0 runs, 2 hits, 0 errors, 2 left on base; Las Vegas 8 - Sacramento 7 |
| TOP OF THE 8TH |
|
Las Vegas 51s batting - Pitching for Sacramento River Cats : RHP Josh Aronhalt
|
|
Batting: SHB Roberto Magne
|
0-0: Foul Ball, location: 2F 0-1: Foul Ball, location: 2F 0-2: Strikes out swinging
|
|
Batting: LHB Helge Jivotovsky
|
0-0: Ball 1-0: Ball 2-0: Foul Ball, location: 2F 2-1: Ball 3-1: Base on Balls
|
|
Batting: SHB Josh Schultze
|
0-0: Called Strike 0-1: Ball 1-1: Ball 2-1: Ball 3-1: SINGLE (Flyball, 5D, EV 85.0 MPH) Helge Jivotovsky to second
|
|
Batting: LHB Sal Fernandez
|
0-0: Called Strike 0-1: Called Strike 0-2: Foul Ball, location: 2F 0-2: Ball 1-2: SINGLE (Groundball, P, EV 96.9 MPH) Helge Jivotovsky to third Josh Schultze to second
|
|
Batting: RHB Masaya Nakamura
|
0-0: Called Strike 0-1: Ball 1-1: Swinging Strike 1-2: Foul Ball, location: 2F 1-2: Ball 2-2: Strikes out swinging
|
|
Batting: RHB Leon Edwards
|
0-0: Ball 1-0: Ball 2-0: Ground out 4-3 (Groundball, 34D, EV 106.9 MPH)
|
| Top of the 8th over - 0 runs, 2 hits, 0 errors, 3 left on base; Las Vegas 8 - Sacramento 7 |
| BOTTOM OF THE 8TH |
|
Sacramento River Cats batting - Pitching for Las Vegas 51s : RHP Javier Perez
|
|
Pitching: RHP Ian Daniels
|
|
|
Batting: LHB Nate Conley
|
0-0: Foul Ball, location: 2F 0-1: Called Strike 0-2: Fly out, F4 (Line Drive, 4, EV 68.8 MPH)
|
|
Pinch Hitting: LHB Juan Gonzalez
|
0-0: Ball 1-0: Ball 2-0: Called Strike 2-1: Foul Ball, location: 2F 2-2: Fly out, F7 (Line Drive, 7, EV 96.9 MPH)
|
|
Batting: SHB Jason Spradling
|
0-0: Ball 1-0: Ball 2-0: Ball 3-0: Called Strike 3-1: Fly out, F6 (Line Drive, 6, EV 63.1 MPH)
|
| Bottom of the 8th over - 0 runs, 0 hits, 0 errors, 0 left on base; Las Vegas 8 - Sacramento 7 |
| TOP OF THE 9TH |
|
Las Vegas 51s batting - Pitching for Sacramento River Cats : RHP Josh Aronhalt
|
|
Pitching: RHP Tim Rymut
|
|
|
Now in LF: Juan Gonzalez
|
|
|
Now in CF: Josh Straub
|
|
|
Batting: RHB Yoshiro Higuchi
|
0-0: Ground out 6-3 (Groundball, 6, EV 84.4 MPH)
|
|
Batting: LHB Phil Lomax
|
0-0: Ball 1-0: Ball 2-0: Ball 3-0: Called Strike 3-1: Called Strike 3-2: Base on Balls
|
|
Batting: SHB Billy Encinias
|
0-0: Ball 1-0: Swinging Strike 1-1: Ball 2-1: Called Strike 2-2: Strikes out swinging
|
|
Batting: SHB Roberto Magne
|
0-0: Swinging Strike 0-1: Ball 1-1: Ball 2-1: Foul Ball, location: 2F 2-2: Ball Phil Lomax steals 2nd base 3-2: Base on Balls
|
|
Batting: LHB Helge Jivotovsky
|
0-0: Called Strike 0-1: DOUBLE (Flyball, 89XD, EV 100.0 MPH) Phil Lomax scores Roberto Magne to third Runner from 3rd tries for Home, SAFE, no throw by CF
|
|
Batting: SHB Josh Schultze
|
0-0: Called Strike 0-1: Fly out, F7 (Flyball, 78D, EV 96.9 MPH)
|
| Top of the 9th over - 2 runs, 1 hit, 0 errors, 1 left on base; Las Vegas 10 - Sacramento 7 |
| BOTTOM OF THE 9TH |
|
Sacramento River Cats batting - Pitching for Las Vegas 51s : RHP Ian Daniels
|
|
Pitching: RHP Ben Dicks
|
|
|
Batting: LHB Nick Swank
|
0-0: Ground out U3 (Groundball, 34S, EV 81.9 MPH)
|
|
Batting: RHB Martin Guerrero
|
0-0: Called Strike 0-1: Ball 1-1: Ground out 6-3 (Groundball, 6D, EV 108.1 MPH)
|
|
Batting: LHB Josh Straub
|
0-0: Fly out, F7 (Flyball, 7LM, EV 88.1 MPH)
|
| Bottom of the 9th over - 0 runs, 0 hits, 0 errors, 0 left on base; Las Vegas 10 - Sacramento 7 |
|